 Seeded DCSS version 0.30.0-29-ga12c61a403 (webtiles) character file.

Game seed: 14510711441694506664 (custom seed)

2535 RascalDebosk the Thaumaturge (level 9, -7/66 HPs)
             Began as a Djinni Conjurer on June 3, 2023.
             Was an Initiate of Ashenzari.
             Shot with an arrow by a centaur warrior (20 damage)
             ... on level 8 of the Dungeon.
             The game lasted 00:35:06 (7703 turns).

RascalDebosk the Thaumaturge (Djinni Conjurer)      Turns: 7703, Time: 00:35:06

Health: -7/66      AC:  5    Str: 12    XL:     9   Next: 85%
Gold:   294        EV: 11    Int: 25    God:    Ashenzari [......] SH:  0 Dex: 11

rFire   + + .        o - +0 rapier
rCold   x . .        (no shield)
rNeg    + + .        E - +0 leather armour "Igymagy" {*Slow rPois rN++ Slay+3}
rPois   ∞            M - +0 helmet
rElec   .            (no cloak)
rCorr   .            h - +0 pair of gloves
SInv    .            (boots unavailable)
Will    .....        i - amulet of regeneration
Stlth   +            p - ring "Stellar Augurer" {Str+6, Evo, Fort} (curse)
HPRegen 1.11/turn    (no ring)
MPRegen 0.00/turn

%: slow self (1%), infuse magic (-8 HP)
@: flying
A: sickness immunity, fire resistance 2, cold vulnerability 1, float, innate
caster, HP casting, extra vitality 1
a: Renounce Religion, Shatter the Chains


You were on level 8 of the Dungeon.
You worshipped Ashenzari.
Ashenzari was noncommittal.
You visited 2 branches of the dungeon, and saw 9 of its levels.
You also visited: Sewer.

You collected 294 gold pieces.

Inventory:

Hand Weapons
 o - a +0 rapier (weapon)
Armour
 h - a +0 pair of gloves (worn)
 E - the +0 leather armour "Igymagy" (worn) {*Slow rPois rN++ Slay+3}
   (You found it on level 6 of the Dungeon)

   Slay:      It affects your accuracy & damage with ranged weapons and melee
   (+3).
   rPois:     It protects you from poison.
   rN:        It greatly protects you from negative energy.
   *Slow:     It may slow you when you take damage.
 M - a +0 helmet (worn)
Jewellery
 i - an amulet of regeneration (around neck)
 p - the cursed ring "Stellar Augurer" (left hand) {Str+6, Evo, Fort}
   (You found it on level 4 of the Dungeon)

   [ring of strength]

   Str:       It affects your strength (+6).
   It has a curse which improves the following skills: Evocations: Evocations.
   Fortitude: Armour and Shields.
Wands
 D - a wand of roots (7)
 F - a wand of polymorph (6)
 I - a wand of flame (12)
 L - a wand of charming (7)
Scrolls
 b - a scroll of enchant weapon {unknown}
 c - 8 scrolls of teleportation {unknown}
 d - a scroll of amnesia {unknown}
 f - a scroll of noise
 j - 7 scrolls of identify {unknown}
 r - 3 scrolls of immolation {unknown}
 t - a scroll of fear {unknown}
 v - 2 scrolls of brand weapon {unknown}
 w - a scroll of vulnerability {unknown}
 x - a scroll of poison {unknown}
 y - a scroll of acquirement {unknown}
 C - a scroll of magic mapping {unknown}
 G - a scroll of silence {unknown}
 K - 4 scrolls of fog {unknown}
Potions
 e - a potion of lignification {unknown}
 k - a potion of haste {unknown}
 l - 2 potions of degeneration {unknown}
 m - a potion of flight {unknown}
 n - 2 potions of attraction {unknown}
 q - 3 potions of curing {unknown}
 s - a potion of brilliance {unknown}
 u - 4 potions of heal wounds
 z - a potion of invisibility {unknown}
 A - a potion of might {unknown}
 B - 3 potions of mutation {unknown}
 H - a potion of magic {unknown}
 J - a potion of resistance {unknown}


   Skills:
 + Level 5.9 Fighting
 - Level 4.0(4.3) Armour
 - Level 2.1 Dodging
 - Level 1.5 Stealth
 * Level 8.0 Spellcasting
 - Level 3.6(4.0) Evocations


You knew the following spells:

 Your Spells              Type           Power      Damage    Failure   Level
a - Magic Dart            Conj           100%       1d8       1%          1
b - Searing Ray           Conj           100%       2d8       1%          2
c - Dazzling Flash        Conj/Hex       100%       N/A       1%          3
d - Fulminant Prism       Conj/Hex       25%        3d14      2%          4
e - Iskenderun's Mystic   Conj/Tloc      50%        2d11      2%          4
f - Slow                  Hex            100%       N/A       1%          1
g - Poisonous Vapours     Pois/Air       100%       N/A       1%          2
h - Inner Flame           Hex/Fire       50%        N/A       1%          3
i - Spider Form           Tmut/Pois      50%        N/A       1%          3
Your spell library was empty.

Dungeon Overview and Level Annotations

Branches:
Dungeon (8/15)             Temple (1/1) D:5           Sewer (visited)
   Lair: D:8-11

Altars:
Ashenzari
Cheibriados
Dithmenos
Elyvilon
Fedhas
Gozag
Hepliaklqana
Makhleb
Nemelex Xobeh
Okawaru
Qazlal
Ru
Trog
Uskayaw
Wu Jian
Xom
Yredelemnul
Zin
The Shining One

Shops:
D:6 (

Annotations:
D:8 Maurice


Innate Abilities, Weirdness & Mutations

You are immune to sickness and miasma.
You are immune to poison.
Your flesh is very heat resistant. (rF++)
You are vulnerable to cold. (rC-)
You float through the air rather than walking.
You learn spells naturally, not from books.
Your magical power is your life essence.
You have superior vitality. (+4 MHP)


Message History

Casting: Poisonous Vapours (safe; 1% risk of failure)
Confirm with . or Enter, or press ? or * to list all spells.
You miscast Iskenderun's Mystic Blast.
You are very lightly contaminated with residual magic.
Nothing appears to happen.
The bullfrog snags a nearby millipede with its tongue.
The bullfrog hits you.
Casting: Iskenderun's Mystic Blast (dangerous; 3% risk of failure)
Confirm with . or Enter, or press ? or * to list all spells.
You erupt in a blast of force!
The mystic blast hits the orc!!
You kill the orc!
The mystic blast hits the bullfrog!
The bullfrog is almost dead.
The bullfrog is knocked back by the mystic blast.
The bullfrog slams into the metal wall!
You kill the bullfrog!
* * * LOW HITPOINT WARNING * * *
The kobold throws a stone.
The stone closely misses you.
Casting: Iskenderun's Mystic Blast (dangerous; 3% risk of failure)
Confirm with . or Enter, or press ? or * to list all spells.
Aiming: Poisonous Vapours (safe; 1% risk of failure)
Press: ? - help, Dir - move target, f - kobold
Aim: a kobold, wielding a +0 whip and quivering stones Poisonous vapours surround the kobold!
The kobold is poisoned.
* * * LOW HITPOINT WARNING * * *
You kill the kobold!
Things that are here:
a +0 hand axe; an orc corpse You start resting.
A yak comes into view.
Your magical contamination has completely faded away.
There is a large open door here.
Casting: Poisonous Vapours (safe; 1% risk of failure)
Confirm with . or Enter, or press ? or * to list all spells.
Aiming: Poisonous Vapours (safe; 1% risk of failure)
Press: ? - help, Dir - move target, f - yak
Aim: a yak Poisonous vapours surround the yak!
The yak is poisoned.
Casting: Poisonous Vapours (safe; 1% risk of failure)
Confirm with . or Enter, or press ? or * to list all spells.
Aiming: Poisonous Vapours (safe; 1% risk of failure)
Press: ? - help, Dir - move target, f/p - yak
Aim: a yak (lightly wounded, very poisoned) Poisonous vapours surround the yak!
The yak looks as sick as possible!
Casting: Poisonous Vapours (safe; 1% risk of failure)
Confirm with . or Enter, or press ? or * to list all spells.
Aiming: Inner Flame (safe; 1% risk of failure)
Press: ? - help, Dir - move target, f/p - yak
Aim: a yak (lightly wounded, extremely poisoned, chance to affect: 93%)
The yak is filled with an inner flame.
Flame seeps out of the yak.
The yak is engulfed in blazing flames.
Flame seeps out of the yak.
Casting: Inner Flame (safe; 1% risk of failure)
Confirm with . or Enter, or press ? or * to list all spells.
Aiming: Magic Dart (safe; 1% risk of failure)
Press: ? - help, Shift-Dir - straight line, f/p - yak
Aim: a yak (heavily wounded, inner flame, extremely poisoned, 100% to hit)
The magic dart hits the yak!
Flame seeps out of the yak.
The yak is severely wounded.
Flame seeps out of the yak.
The yak is engulfed in blazing flames.
The yak explodes!
You hear a bellow! x2; You hear an angry hiss.
Your Spellcasting skill increases to level 8!
You start resting.
A yak comes into view.
Casting: Magic Dart (safe; 1% risk of failure)
Confirm with . or Enter, or press ? or * to list all spells.
Aiming: Poisonous Vapours (safe; 1% risk of failure)
Press: ? - help, Dir - move target, f - yak
Aim: a yak Poisonous vapours surround the yak!
The yak looks as sick as possible!
A centaur warrior comes into view.
Casting: Poisonous Vapours (safe; 1% risk of failure)
Confirm with . or Enter, or press ? or * to list all spells.
Aiming: Inner Flame (safe; 1% risk of failure)
Press: ? - help, Dir - move target, f/p - yak
Aim: a yak (lightly wounded, extremely poisoned, chance to affect: 93%)
The yak is filled with an inner flame.
The centaur warrior shouts!
* * * LOW HITPOINT WARNING * * *
Flame seeps out of the yak.
A yak comes into view.
The yak is engulfed in blazing flames.
Flame seeps out of the yak.
A yak comes into view.
The centaur warrior wields a +0 shortbow.
The centaur warrior shoots an arrow.
The arrow hits you!!
* * * LOW HITPOINT WARNING * * *
Casting: Inner Flame (safe; 1% risk of failure)
Confirm with . or Enter, or press ? or * to list all spells.
Aiming: Poisonous Vapours (safe; 1% risk of failure)
Press: ? - help, Dir - move target, f - yak, p - yak
Aim: a yak Poisonous vapours surround the yak!
The yak is poisoned.
The yak bellows!
* * * LOW HITPOINT WARNING * * *
You hear a bellow!
Flame seeps out of the yak.
A shadow comes into view.
The yak is engulfed in blazing flames.
Flame seeps out of the yak.
The centaur warrior shoots an arrow.
The arrow hits you!!
You die...

#.# #.. #>. # #.#
#.#.# #.#.#.# #
#.....######.##..
#<..........#
####'@####.
##........##
#..........##
#......§.)...##
#.....Y§.§.....##
.$....○§.))c....#
.....Y.Y....†....#
.....W...........#
....)#..#.......#


You could see a centaur warrior, 3 yaks and a shadow.

Vanquished Creatures
  2 wyverns (D:8)
  2 yaks (D:8)
  Menkaure (D:5)
  3 water moccasins
  A sky beast (D:7)
  4 kobold brigands
  3 bullfrogs
  4 scorpions
  3 orc priests
  2 hounds (D:4)
  A jelly (D:5)
  5 iguanas
  A sleepcap (D:6)
  2 orc wizards
  Robin (D:4)
  11 adders
  4 gnolls (D:3)
  5 river rats (Sewer)
  3 white imps
  2 ufetubi
  4 worms
  3 dart slugs
  16 orcs
  8 ball pythons
  6 endoplasms
  7 giant cockroaches
  4 hobgoblins
  2 jackals (D:2)
  13 kobolds
  4 quokkas
  4 bats
  A frilled lizard (D:2)
  16 goblins
  4 rats
  A spectral goblin (D:1)
153 creatures vanquished.

Vanquished Creatures (others)
  A fulminant prism (D:6)
1 creature vanquished.

Grand Total: 154 creatures vanquished

Notes
Turn   | Place    | Note
-------+----------+-------------------------------------------
     0 | D:1      | RascalDebosk the Djinni Conjurer began the quest for the
                  | Orb.
     0 | D:1      | RascalDebosk set off with the following spells memorised:
                  | Magic Dart, Searing Ray, Dazzling Flash, Fulminant Prism,
                  | Iskenderun's Mystic Blast.
     0 | D:1      | Reached XP level 1. HP: 15/15 MP: 0/0
   125 | D:1      | Reached XP level 2. HP: 20/21 MP: 0/0
   437 | D:1      | Found a faded altar of an unknown god.
   800 | D:2      | Reached XP level 3. HP: 24/25 MP: 0/0
   800 | D:2      | Learned a level 1 spell: Slow
   933 | D:2      | Reached skill level 4 in Spellcasting
  1438 | D:2      | Reached XP level 4. HP: 31/31 MP: 0/0
  1618 | D:3      | Reached XP level 5. HP: 36/36 MP: 0/0
  1618 | D:3      | Learned a level 2 spell: Poisonous Vapours
  2446 | D:4      | Reached skill level 1 in Armour
  2478 | D:4      | Found a glowing drain.
  2488 | Sewer    | Entered a sewer
  2493 | Sewer    | Reached skill level 1 in Fighting
  2504 | Sewer    | Noticed a kobold brigand
  2516 | Sewer    | Killed a kobold brigand
  2517 | Sewer    | Reached skill level 5 in Spellcasting
  2517 | Sewer    | Reached XP level 6. HP: 27/43 MP: 0/0
  2716 | Sewer    | Reached XP level 7. HP: 41/49 MP: 0/0
  2716 | Sewer    | Learned a level 3 spell: Inner Flame
  3092 | D:4      | Found an ornate altar of the Wu Jian Council.
  3900 | D:4      | Noticed Robin
  3902 | D:4      | Killed Robin
  4265 | D:5      | Entered Level 5 of the Dungeon
  4317 | D:5      | Reached skill level 6 in Spellcasting
  4317 | D:5      | Reached XP level 8. HP: 52/56 MP: 0/0
  4365 | D:5      | Noticed Menkaure
  4369 | D:5      | Killed Menkaure
  4475 | D:5      | Found a staircase to the Ecumenical Temple.
  4493 | Temple   | Entered the Ecumenical Temple
  4539 | Temple   | Became a worshipper of Ashenzari the Shackled
  5182 | D:6      | Found Beleghe's Antique Weapon Shoppe.
  5388 | D:6      | Identified the +0 leather armour "Igymagy" {*Slow rPois
                  | rN++ Slay+3}
  5432 | D:6      | Found a shimmering altar of Xom.
  5432 | D:6      | Found a sacrificial altar of Ru.
  5432 | D:6      | Found a basalt altar of Yredelemnul.
  5432 | D:6      | Found a bloodstained altar of Trog.
  5606 | D:6      | Reached skill level 1 in Evocations
  5766 | D:6      | Reached XP level 9. HP: 58/63 MP: 0/0
  5766 | D:6      | Learned a level 3 spell: Spider Form
  6256 | D:7      | Reached skill level 7 in Spellcasting
  6822 | D:7      | Reached skill level 5 in Fighting
  7513 | D:8      | Noticed a gargoyle
  7518 | D:8      | Noticed Maurice
  7700 | D:8      | Reached skill level 8 in Spellcasting
  7701 | D:8      | Noticed a centaur warrior
  7703 | D:8      | Shot with an arrow by a centaur warrior

Illustrated notes

Levels and vault maps discovered:
D:1:      dpeg_arrival_simpleton_a, layout_basic,
          dreamdust_ecumenical_altar_drowned_temple, minmay_misc_feat_room
D:2:      layout_basic, basic_altar
D:3:      layout_loops_ring
D:4:      layout_basic, nicolae_wu_jian_immortal_techniques,
          gup_sewer_entry_spiral, uniq_robin
D:5:      layout_loops_ring, minmay_temple_entry_butterflies, uniq_menkaure
D:6:      layout_loops_ring, minmay_overflow_temple_hex, serial_shops,
          nicolae_take_the_stairs, lemuel_flame_loot_1
D:7:      layout_layer_cave
D:8:      kennysheep_big_flooded_room, layout_basic, minmay_lair_entry_grove,
          enter_bailey_3, gammafunk_ghost_ooze, uniq_maurice
Temple:   regret_index_temple_waves

Skill      XL: |  1  2  3  4  5  6  7  8  9 |
---------------+----------------------------+-----
Spellcasting   | 4 5 6 8 |  8.0
Armour         | 1 2 3 4 |  4.0
Fighting       | 1 2 3 4 5 |  5.9
Evocations     | 1 3 |  3.6
Dodging        | |  2.1
Stealth        | |  1.5

Action                     |  1- 3 |  4- 6 |  7- 9 || total
---------------------------+-------+-------+-------++-------
  Melee: Rapier            |       |    15 |     5 ||    20
         Dagger            |       |     4 |       ||     4
   Cast: Magic Dart        |    58 |    27 |    16 ||   101
         Searing Ray       |       |     4 |     7 ||    11
         Poisonous Vapours |       |    63 |    81 ||   144
         Iskenderun's Myst |       |     1 |    25 ||    26
         Inner Flame       |       |       |    57 ||    57
         Fulminant Prism   |       |       |     1 ||     1
 Invoke: Curse Item        |       |       |     1 ||     1
    Use: Scroll            |       |       |     3 ||     3
         Potion            |       |       |     1 ||     1
 Armour: Robe              |       |     7 |     1 ||     8
         Leather armour    |       |       |     1 ||     1
  Dodge: Dodged            |     2 |    21 |    11 ||    34
